 Dungeon Crawl Stone Soup version 0.30-a0-778-g2ef04afb54 (webtiles) character file.

Game seed: 1864450576826738420

50390 necrobotica the Fighter (level 14, -5/108 HPs)
             Began as a Djinni Summoner on Feb 15, 2023.
             Was an Initiate of Gozag.
             Slain by a catoblepas (11 damage)
             ... while petrified by a catoblepas
             ... on level 5 of the Lair of Beasts.
             The game lasted 02:37:39 (18737 turns).

necrobotica the Fighter (Djinni Summoner)          Turns: 18737, Time: 02:37:39

Health: -5/108     AC:  8    Str:  5    XL:     14   Next: 97%
Gold:   1473       EV:  2    Int: 36    God:    Gozag SH:  0 Dex: 17

rFire   + + +      SeeInvis .    t - +2 mace of Joyful Slaughter {flame, Drain rN+ Int+9}
rCold   x . .      Faith    .    (no shield)
rNeg    + + +      Spirit   .    K - +1 robe of Gauck {+Blink Str-2 Dex+2}
rPois   ∞          Reflect  .    O - +2 helmet
rElec   .          Harm     .    (no cloak)
rCorr   .          Rampage  .    w - +1 pair of gloves
Will    +....                    (boots unavailable)
Stlth   ++                       o - amulet of the acrobat
HPRegen 0.38/turn                I - ring of protection from fire
MPRegen 0.00/turn                P - +6 ring of intelligence

@: petrified, flying, studying Spellcasting
A: sickness immunity, fire resistance 2, cold vulnerability 1, float, innate
caster, HP casting, extra vitality 1
a: Renounce Religion, Evoke Blink, Potion Petition, Call Merchant, Bribe Branch


You were on level 5 of the Lair of Beasts.
You worshipped Gozag.
Gozag was most pleased with you.
You visited 2 branches of the dungeon, and saw 14 of its levels.

You collected 3726 gold pieces.
You spent 572 gold pieces at shops.
You paid 1681 gold pieces to Gozag.

Inventory:

Hand Weapons
 b - a +0 flail
 d - a +0 spear
 j - a +0 club
 t - the +2 mace of Joyful Slaughter (weapon) {flame, Drain rN+ Int+9}
   (You found it on level 4 of the Dungeon)

   Int:       It affects your intelligence (+9).
   rN:        It protects you from negative energy.
   Drain:     It drains your maximum health when unequipped.
 T - a +0 quarterstaff of freezing
Missiles
 g - 4 datura-tipped darts
Armour
 a - a +0 robe
 w - a +1 pair of gloves (worn)
 K - the +1 robe of Gauck (worn) {+Blink Str-2 Dex+2}
   (You found it on level 9 of the Dungeon)

   Str:       It affects your strength (-2).
   Dex:       It affects your dexterity (+2).
   +Blink:    It lets you blink.
 M - a +2 hat
 O - a +2 helmet (worn)
 S - a +2 robe of cold resistance
Jewellery
 n - an amulet of guardian spirit
 o - an amulet of the acrobat (around neck)
 I - a ring of protection from fire (left hand)
 P - a +6 ring of intelligence (right hand)
 R - a ring of ice
 X - an amulet of reflection
Wands
 y - a wand of iceblast (4)
 C - a wand of flame (5)
 D - a wand of polymorph (4)
 H - a wand of acid (19)
 J - a wand of charming (1)
 N - a wand of mindburst (15)
Scrolls
 c - 7 scrolls of amnesia
 f - 3 scrolls of poison
 h - a scroll of magic mapping
 k - a scroll of vulnerability
 l - 2 scrolls of blinking
 p - a scroll of silence
 r - a scroll of enchant armour
 s - 3 scrolls of teleportation
 x - 4 scrolls of enchant weapon
 F - a scroll of identify
 G - 3 scrolls of torment
 V - a scroll of fog
 W - a scroll of fear
Potions
 e - 2 potions of haste {unknown}
 i - 2 potions of brilliance {unknown}
 m - 4 potions of mutation {unknown}
 q - 4 potions of berserk rage
 u - 2 potions of curing
 v - 2 potions of degeneration {unknown}
 z - 3 potions of ambrosia {unknown}
 A - 2 potions of invisibility {unknown}
 E - 3 potions of lignification {unknown}
 L - 2 potions of attraction {unknown}
 Q - a potion of might {unknown}
 U - a potion of flight {unknown}
Miscellaneous
 B - a phantom mirror


   Skills:
 + Level 12.5 Fighting
 + Level 11.1 Maces & Flails
 + Level 11.6 Dodging
 - Level 1.5 Stealth
 + Level 12.0 Spellcasting
 + Level 2.1 Evocations


You had 6 spell levels left.
You knew the following spells:

 Your Spells              Type           Power      Damage    Failure   Level
a - Summon Small Mammal   Summ           100%       N/A       0%          1
b - Call Imp              Summ           82%        N/A       1%          2
c - Call Canine Familiar  Summ           82%        N/A       1%          3
d - Summon Guardian Gole  Hex/Summ       82%        N/A       1%          3
e - Summon Lightning Spi  Summ/Air       82%        N/A       1%          4
f - Sandblast             Erth           100%       2d20      0%          1
g - Ensorcelled Hibernat  Hex/Ice        100%       N/A       1%          2
h - Passwall              Tmut/Erth      68%        N/A       1%          2
i - Mephitic Cloud        Conj/Pois/Air  82%        N/A       1%          3
j - Lee's Rapid Deconstr  Erth           41%        3d20*     1%          5
k - Irradiate             Conj/Tmut      41%        3d25      1%          5
Your spell library was empty.

Dungeon Overview and Level Annotations

Branches:
Dungeon (9/15)             Temple (0/1) D:5            Lair (5/5) D:9
 Shoals (0/4) Lair:3        Snake (0/4) Lair:2        Slime (0/5) Lair:5
    Orc: D:9-12

Altars:
Dithmenos
Fedhas
Gozag
Makhleb
Okawaru
Ru
Yredelemnul
Zin
The Shining One
Jiyva

Shops:
D:8 !=


Innate Abilities, Weirdness & Mutations

You are immune to sickness and miasma.
You are immune to poison.
Your flesh is very heat resistant. (rF++)
You are vulnerable to cold. (rC-)
You float through the air rather than walking.
You learn spells naturally, not from books.
Your magical power is your life essence.
You have superior vitality. (+4 MHP)


Message History

You have turned to stone.
You are engulfed in calcifying dust.
Something gores your warg!!
Your warg dies!
Your warg's corpse disappears in a puff of smoke!
You are engulfed in calcifying dust. x2
The catoblepas gores you but does no damage.
The catoblepas breathes a plume of calcifying dust at you.
The blast of calcifying dust hits you.
You are engulfed in calcifying dust.
The catoblepas gores you!
You are engulfed in calcifying dust.
The catoblepas gores you!
You are engulfed in calcifying dust.
The catoblepas gores you!!
You are engulfed in calcifying dust.
The catoblepas gores you.
You turn to flesh and can move again.
You are engulfed in calcifying dust.
You are slowing down.
The catoblepas breathes a plume of calcifying dust at you.
The blast of calcifying dust hits you but does no damage.
An electric hum fills the air.
Your lightning spire disappears in a puff of smoke!
The catoblepas gores you!!
Your limbs are stiffening.
Casting: Summon Lightning Spire (safe; 1% risk of failure)
Confirm with . or Enter, or press ? or * to list all spells.
Okay, then.
Okay, then.
You fail to use your ability.
The catoblepas gores you but does no damage.
You have turned to stone.
The catoblepas gores you!! x3
* * * LOW HITPOINT WARNING * * *
The catoblepas completely misses you.
The catoblepas gores you but does no damage.
The catoblepas gores you!!
* * * LOW HITPOINT WARNING * * *
The catoblepas gores you.
* * * LOW HITPOINT WARNING * * *
The catoblepas gores you!
* * * LOW HITPOINT WARNING * * *
The catoblepas gores you!!
You die...
Your body crumbles into a pile of gold.

.$$)(# #######
##...$# ###.##..##
##....
##P.......###...#
##...#.....P# #.#
##..P###.....# #.#
#...## ##...P# #9#
..### ###..### #Y#
### ##...## #@# ##
##..### ##8#### .##
#P..## #.....## ..#
##...# ##..#...#
#.###...##
#..####.#
#........##
##..#####
.....###..####...P#
...###
##..##.....## ..##
#.....8.8..## ###


You could see a catoblepas (ally target), a friendly guardian golem (summoned)
and a friendly lightning spire (summoned, sheltered).

Vanquished Creatures
  A catoblepas (Lair:5)
  2 cane toads
  2 komodo dragons (Lair:4)
  3 water moccasins
  A necrophage (D:5)
  A scorpion (D:5)
  A vampire bat (D:3)
  A hound (D:5)
  A gnoll (D:2)
  3 adders
  A shadow imp (D:5)
  An endoplasm (D:2)
  A goblin (D:4)
  A hobgoblin (D:4)
  3 kobolds
  2 quokkas (D:3)
  4 bats
  A frilled lizard (D:2)
30 creatures vanquished.

Vanquished Creatures (collateral kills)
  Nessos (Lair:5)
  Josephine (Lair:4)
  2 hydras (Lair:2)
  Erica (D:8)
  2 catoblepae
  A two-headed ogre (D:9)
  9 death yaks
  Pikel (D:8)
  A manticore (Lair:5)
  7 elephants
  3 torpor snails
  2 black mambas
  An eye of devastation (Lair:5)
  8 cane toads
  An unseen horror (D:8)
  4 komodo dragons
  3 rime drakes
  A hornet (D:9)
  11 blink frogs
  A shadow (D:5)
  A wyvern (D:9)
  37 yaks
  Eustachio (D:5)
  3 wraiths (Lair:4)
  4 basilisks
  2 steam dragons
  5 hogs (Lair:3)
  Edmund (D:5)
  An acid dragon (D:5)
  A floating eye (Lair:5)
  21 water moccasins
  Duvessa (D:7)
  9 black bears
  3 orc warriors
  2 ice beasts
  A sky beast (D:6)
  2 ogres
  7 wolves
  8 centaurs
  4 lemures (D:8)
  2 phantoms
  2 kobold brigands (D:9)
  15 bullfrogs
  2 necrophages
  Blork the orc (D:5)
  4 scorpions
  4 wights (D:9)
  Dowan (D:7)
  5 electric eels
  4 howler monkeys
  4 hounds
  4 orc priests
  Jessica (D:3)
  A gnoll bouda (D:9)
  Natasha (thrice) (D:4)
  8 iguanas
  An orc wizard (D:7)
  18 gnolls
  10 adders
  2 white imps
  2 ufetubi
  A dart slug (D:5)
  23 orcs
  4 ball pythons
  6 bats
  7 endoplasms
  5 giant cockroaches
  13 goblins
  13 hobgoblins
  3 jackals
  16 kobolds
  4 quokkas
  3 frilled lizards
  A rat (D:2)
368 creatures vanquished.

Vanquished Creatures (others)
  Kirke (Lair:3)
  A hydra (Lair:3)
  Fannar (Lair:1)
  2 death yaks
  10 elephants
  A manticore (Lair:5)
  A torpor snail (Lair:1)
  A black mamba (Lair:1)
  4 komodo dragons
  A blink frog (Lair:2)
  8 yaks
  A basilisk (Lair:5)
  A black bear (Lair:2)
  A bullfrog (Lair:2)
  2 bushes
  45 fungi
  98 plants
179 creatures vanquished.

Grand Total: 577 creatures vanquished

Notes
Turn   | Place    | Note
-------+----------+-------------------------------------------
     0 | D:1      | necrobotica the Djinni Summoner began the quest for the
                  | Orb.
     0 | D:1      | necrobotica set off with the following spells memorised:
                  | Summon Small Mammal, Call Imp, Call Canine Familiar, Summon
                  | Guardian Golem, Summon Lightning Spire.
     0 | D:1      | Reached XP level 1. HP: 15/15 MP: 0/0
   197 | D:1      | Reached XP level 2. HP: 13/21 MP: 0/0
   669 | D:2      | Reached XP level 3. HP: 15/25 MP: 0/0
   669 | D:2      | Learned a level 1 spell: Sandblast
  1203 | D:2      | Reached XP level 4. HP: 31/31 MP: 0/0
  1576 | D:2      | Reached XP level 5. HP: 35/35 MP: 0/0
  1576 | D:2      | Learned a level 2 spell: Ensorcelled Hibernation
  1852 | D:3      | Noticed Jessica
  1859 | D:3      | Killed Jessica
  1860 | D:3      | Reached skill level 5 in Spellcasting
  1906 | D:3      | Found a glowing golden altar of the Shining One.
  2214 | D:3      | Reached XP level 6. HP: 38/40 MP: 0/0
  2522 | D:4      | Noticed Natasha
  2542 | D:4      | Killed Natasha
  2753 | D:4      | Identified the +2 mace of Joyful Slaughter {flame, Drain
                  | rN+ Int+9}
  2824 | D:4      | Found a basalt altar of Yredelemnul.
  2926 | D:4      | Noticed Natasha
  2930 | D:4      | Killed Natasha
  2931 | D:4      | Reached XP level 7. HP: 45/45 MP: 0/0
  2931 | D:4      | Learned a level 2 spell: Passwall
  3111 | D:4      | Found a shadowy altar of Dithmenos.
  3115 | D:4      | Noticed Natasha
  3120 | D:4      | Killed Natasha
  3637 | D:5      | Entered Level 5 of the Dungeon
  3701 | D:5      | Noticed a water moccasin
  3711 | D:5      | Noticed a water moccasin
  3723 | D:5      | Killed a water moccasin
  3724 | D:5      | Reached skill level 1 in Fighting
  3724 | D:5      | Reached skill level 1 in Maces & Flails
  3724 | D:5      | Killed a water moccasin
  3725 | D:5      | Reached XP level 8. HP: 28/54 MP: 0/0
  3740 | D:5      | Noticed Eustachio
  3756 | D:5      | Killed Eustachio
  4067 | D:5      | Found a staircase to the Ecumenical Temple.
  4275 | D:5      | Noticed Edmund
  4309 | D:5      | Killed Edmund
  4440 | D:5      | Noticed Blork the orc
  4460 | D:5      | Killed Blork the orc
  4461 | D:5      | Reached XP level 9. HP: 51/62 MP: 0/0
  4461 | D:5      | Learned a level 3 spell: Mephitic Cloud
  4566 | D:5      | Found the dreamshard necklace {*Dream Drain}
  4782 | D:5      | Reached skill level 5 in Fighting
  5231 | D:6      | Found a blossoming altar of Fedhas.
  5297 | D:6      | Reached XP level 10. HP: 16/72 MP: 0/0
  5445 | D:6      | Reached skill level 5 in Maces & Flails
  5517 | D:6      | Found a glowing drain.
  5783 | D:6      | Found an opulent altar of Gozag.
  5804 | D:6      | Became a worshipper of Gozag Ym Sagoz the Greedy
  6414 | D:7      | Noticed Duvessa
  6414 | D:7      | Noticed Dowan
  6423 | D:7      | Killed Duvessa
  6426 | D:7      | Killed Dowan
  6497 | D:7      | You are sucked into a shaft and drop 1 floor!
  6497 | D:8      | Found an iron altar of Okawaru.
  6570 | D:8      | Noticed Erica
  6586 | D:8      | Killed Erica
  6677 | D:8      | Found Bikh's Distillery.
  6681 | D:8      | Noticed Pikel
  6696 | D:8      | Killed an unseen horror
  6704 | D:8      | Killed Pikel
  6705 | D:8      | Reached XP level 11. HP: 73/81 MP: 0/0
  6705 | D:8      | Learned a level 5 spell: Lee's Rapid Deconstruction
  6750 | D:8      | Bought 2 potions of heal wounds for 140 gold pieces
  6754 | D:8      | Found Meqe Nam's Jewellery Shop.
  6956 | D:8      | Found a sacrificial altar of Ru.
  7009 | D:8      | Found a glowing silver altar of Zin.
  7235 | D:8      | Bought a +6 ring of intelligence for 432 gold pieces
  7488 | D:9      | Found a staircase to the Lair.
  7734 | D:9      | Found a burning altar of Makhleb.
  7741 | D:9      | Identified the +1 robe of Gauck {+Blink Str-2 Dex+2}
  8617 | D:9      | Noticed a two-headed ogre
  8625 | D:9      | Killed a two-headed ogre
  9266 | Lair:1   | Entered Level 1 of the Lair of Beasts
  9364 | Lair:1   | Noticed a death yak
  9370 | Lair:1   | Killed a death yak
  9371 | Lair:1   | Reached skill level 5 in Dodging
  9581 | Lair:1   | Noticed a death yak
  9581 | Lair:1   | Noticed a death yak
  9593 | Lair:1   | Killed a death yak
  9594 | Lair:1   | Reached XP level 12. HP: 76/89 MP: 0/0
  9596 | Lair:1   | Killed a death yak
  9803 | Lair:1   | Reached skill level 10 in Spellcasting
 10003 | Lair:1   | Noticed Fannar
 10016 | Lair:1   | Killed Fannar
 10402 | Lair:2   | Reached skill level 10 in Fighting
 10780 | Lair:2   | Found a staircase to the Snake Pit.
 10894 | Lair:2   | Noticed a catoblepas
 10919 | Lair:2   | Killed a catoblepas
 11326 | Lair:2   | Noticed an eight-headed hydra
 11333 | Lair:2   | Killed an eight-headed hydra
 11340 | Lair:2   | Noticed a seven-headed hydra
 11351 | Lair:2   | Killed a seven-headed hydra
 11364 | Lair:2   | Reached XP level 13. HP: 78/96 MP: 0/0
 11364 | Lair:2   | Learned a level 5 spell: Irradiate
 12254 | Lair:3   | Noticed an eight-headed hydra
 12261 | Lair:3   | Killed an eight-headed hydra
 12559 | Lair:3   | Reached skill level 10 in Maces & Flails
 12868 | Lair:3   | Found a staircase to the Shoals.
 13329 | Lair:3   | Reached skill level 10 in Dodging
 13638 | Lair:3   | Noticed Kirke
 14212 | Lair:3   | Noticed a sphinx
 14224 | Lair:3   | Killed Kirke
 14225 | Lair:3   | Reached XP level 14. HP: 102/105 MP: 0/0
 14724 | Lair:4   | Noticed Josephine
 14730 | Lair:4   | Killed Josephine
 16525 | Lair:4   | Identified a scroll of acquirement
 16527 | Lair:4   | Acquired a manual of Spellcasting
 16538 | Lair:5   | Entered Level 5 of the Lair of Beasts
 16612 | Lair:4   | HP: 2/159 [komodo dragon (23)]
 17347 | Lair:5   | Found a viscous altar of Jiyva.
 17347 | Lair:5   | Found a staircase to the Slime Pits.
 17771 | Lair:5   | Paralysed by a floating eye for 4 turns
 17818 | Lair:5   | Noticed Nessos
 17834 | Lair:5   | Killed Nessos
 18083 | Lair:5   | Reached skill level 1 in Evocations
 18737 | Lair:5   | Slain by a catoblepas

Illustrated notes

Levels and vault maps discovered:
D:1:      dpeg_arrival_boxorama, layout_rooms, serial_glass, glass_columns_a,
          glass_columns_b, interstate_on_off, kennysheep_decorative_pillar
D:2:      layout_basic
D:3:      layout_rooms, tso_oasis_becter, roderic_batcave, uniq_jessica
D:4:      corexii_shantytown, layout_basic, yredelemnul_altar_generic,
          grunt_dithmenos_smoke_and_mirrors, uniq_natasha
D:5:      kennysheep_windowed_halls, layout_loops_ring,
          minmay_temple_entry_mini_moons, uniq_blork_the_orc, uniq_edmund,
          uniq_eustachio
D:6:      layout_cave_pools, general_overflow_altar, kennysheep_mini_moat,
          portal_sewer_entry_f
D:7:      layout_basic, nicolae_shop_overcharged_wands, uniq_duvessa
D:8:      layout_rooms, mainiacjoe_overflow_paths, kennysheep_mini,
          nicolae_ru_path_of_blood, serial_shops, nicolae_shop_behind_doors,
          shop, uniq_erica, uniq_pikel
D:9:      layout_loops_corners, bloody_makhleb, due_lair_maze_entry_diamond,
          serial_glass, glass_columns_a, glass_columns_a, due_unseen_surprise,
          unseen_surprise_small
Lair:1:   layout_gridlike, grunt_megastairs_5, lemuel_fruit_tree, uniq_fannar
Lair:2:   nzn_winding_woodlands_three_and_one
          [nzn_winding_woodlands_5x15_crooked,
          nzn_winding_woodlands_5x15_default, nzn_winding_woodlands_5x15_zeroes,
          nzn_winding_woodlands_center_pierced_h], layout_regular_city,
          dummy_snake_entry, serial_forest, infiniplex_forest_corner_1,
          infiniplex_forest_corner_1, infiniplex_forest_clump_double,
          infiniplex_forest_clump_small, infiniplex_forest_clump_curved,
          nicolae_quartered_pool_super, beast_lair_carwin_8
Lair:3:   layout_hall_layers, elwin_shoals_entry_rocks,
          portal_ice_cave_entry_pillars_2, st_stairs_13,
          nicolae_lair_grazing_beasts [nicolae_sub_lair_graze_edge,
          nicolae_sub_lair_graze_edge, nicolae_sub_lair_graze_edge,
          nicolae_sub_lair_graze_edge], infiniplex_staircase_pool_2, uniq_kirke
Lair:4:   layout_layer_cave, serial_bayou_shore_a, uniq_josephine
Lair:5:   evilmike_catoblepas_cave, layout_layer_cave, minmay_slime_entry_eyes,
          st_stairs_6, kilobyte_rumbling_trees, uniq_nessos

Skill      XL: |  1  2  3  4  5  6  7  8  9 10 11 12 13 14 |
---------------+-------------------------------------------+-----
Spellcasting   | 4 5 6 7 8 9 10 12 | 12.0
Fighting       | 2 4 6 8 9 10 11 12 | 12.5
Maces & Flails | 1 3 4 6 7 9 10 11 | 11.1
Dodging        | 5 8 10 11 | 11.6
Evocations     | 2 |  2.1
Stealth        | |  1.5

Action                     |  1- 3 |  4- 6 |  7- 9 | 10-12 | 13-15 || total
---------------------------+-------+-------+-------+-------+-------++-------
  Melee: Hand axe          |    30 |    55 |       |       |       ||    85
         Punch             |       |     1 |     1 |       |     1 ||     3
         Mace              |       |     8 |    25 |    16 |    65 ||   114
         Unarmed           |       |       |       |       |     6 ||     6
   Cast: Summon Small Mamm |     9 |       |       |       |     2 ||    11
         Call Imp          |    13 |     6 |       |       |    13 ||    32
         Call Canine Famil |       |    11 |    21 |    44 |    43 ||   119
         Summon Guardian G |       |     3 |     2 |    37 |    58 ||   100
         Passwall          |       |       |     1 |     2 |       ||     3
         Summon Lightning  |       |       |     8 |    56 |    67 ||   131
         Ensorcelled Hiber |       |       |       |     1 |     4 ||     5
         Mephitic Cloud    |       |       |       |       |     4 ||     4
 Invoke: Potion Petition   |       |       |       |       |     3 ||     3
Ability: Evoke Blink       |       |       |       |       |     2 ||     2
    Use: Potion            |       |       |     3 |     6 |     6 ||    15
         Scroll            |       |       |       |     9 |    15 ||    24
   Stab: Distracted        |       |     1 |       |     1 |     1 ||     3
         Invisible         |       |       |       |       |     1 ||     1
 Armour: Robe              |    10 |    21 |     8 |    34 |    27 ||   100
         Skin              |       |       |       |       |     3 ||     3
  Dodge: Dodged            |    41 |    76 |    61 |   122 |   162 ||   462

Table legend: (Time is in decaauts)
 A = Elapsed time spent in this place.
 B = Non-inter-level travel time spent in this place.
 C = Inter-level travel time spent in this place.
 D = Time resting spent in this place.
 E = Time spent auto-exploring this place.
 F = Levels seen in this place.
 G = Mean time per level.
                   A        B        C        D        E       F      G
               +--------+--------+--------+--------+--------+-----+--------+
         Total |  18834 |  18568 |    266 |    675 |  12677 |  14 | 1345.3 |
       Dungeon |   9299 |   9125 |    174 |      0 |   6268 |   9 | 1033.2 |
          Lair |   9535 |   9443 |     92 |    675 |   6409 |   5 | 1907.0 |
               +--------+--------+--------+--------+--------+-----+--------+

Top non-repeatable levels by time:
  Lair:4: 2528 daAuts
  Lair:3: 2116 daAuts
  Lair:2: 2003 daAuts
     D:9: 1825 daAuts
     D:5: 1581 daAuts
  Lair:5: 1566 daAuts
  Lair:1: 1319 daAuts
     D:4: 1242 daAuts
     D:2: 1104 daAuts
     D:8: 944 daAuts
     D:6: 743 daAuts
     D:3: 681 daAuts
     D:1: 635 daAuts
     D:7: 539 daAuts
